Workbook
Name ____xlnm.Print_Area_2: #REF!
Name ____xlnm.Print_Area_3: #REF!
Name ____xlnm.Print_Area_3_1: #REF!
Name ____xlnm.Print_Titles_2: #REF!
Name ____xlnm.Print_Titles_3: #REF!
Name ___xlnm.Print_Area_2: #REF!
Name ___xlnm.Print_Area_3: #REF!
Name ___xlnm.Print_Area_3_1: #REF!
Name ___xlnm.Print_Titles_2: #REF!
Name ___xlnm.Print_Titles_3: #REF!
Name __Anonymous_Sheet_DB__0: #REF!
Name __xlnm.Print_Area_2: #REF!
Name __xlnm.Print_Area_3: #REF!
Name __xlnm.Print_Area_3_1: #REF!
Name __xlnm.Print_Titles_2: #REF!
Name __xlnm.Print_Titles_3: #REF!
Name _R10P: #REF!
Name _R10R: #REF!
Name _R11P: #REF!
Name _R11R: #REF!
Name _R12P: #REF!
Name _R12R: #REF!
Name _R13P: #REF!
Name _R13R: #REF!
Name _R14P: #REF!
Name _R14R: #REF!
Name _R15P: #REF!
Name _R15R: #REF!
Name _R16P: #REF!
Name _R16R: #REF!
Name _R17P: #REF!
Name _R17R: #REF!
Name _R18P: #REF!
Name _R18R: #REF!
Name _R19P: #REF!
Name _R19R: #REF!
Name _R1P: #REF!
Name _R1R: #REF!
Name _R20P: #REF!
Name _R20R: #REF!
Name _R21P: #REF!
Name _R21R: #REF!
Name _R22P: #REF!
Name _R22R: #REF!
Name _R23P: #REF!
Name _R23R: #REF!
Name _R24P: #REF!
Name _R24R: #REF!
Name _R2P: #REF!
Name _R2R: #REF!
Name _R3P: #REF!
Name _R3R: #REF!
Name _R4P: #REF!
Name _R4R: #REF!
Name _R5P: #REF!
Name _R5R: #REF!
Name _R6P: #REF!
Name _R6R: #REF!
Name _R7P: #REF!
Name _R7R: #REF!

Sheet ORCAMENTO
B1: PREFEITURA MUNICIPAL DE BALSA NOVA SECRETARIA MUNICIPAL DE OBRAS PLANILHA DE ORÇAMENTO
B2: LIMPEZA, MANUTENÇÃO E CONSERVAÇÃO DE ESPAÇOS PÚBLICOS
B4: LOTE 1
B5: CÓDIGO | C5: REFERÊNCIA | D5: CATSER | E5: DESCRIÇÃO | F5: UN | G5: QTD | H5: CUSTO UNITÁRIO | I5: CUSTO BDI UNITÁRIO | J5: CUSTO TOTAL
B6: 1 | C6: COMP_01 | D6: Grupo 853 | E6: ROÇADA MECANIZADA C/ TRATOR E IMPLEMENTO PARA ROÇADEIRA ARTICULADA, INCLUINDO CARREGAMENTO, TRANSPORTE E DESTINAÇÃO FINAL DOS RESÍDUOS | F6: M² | G6: 953232 | H6: =' COMPOSICOES'!H7 -> 0.3704 | I6: 0.44 | J6: =G6*I6 -> 419422.08
B7: 2 | C7: COMP_02 | D7: Grupo 853 | E7: ROÇADA MANUAL C/ ROÇADEIRAS MECÂNICAS TIPO "COSTAL", INCLUINDO CARREGAMENTO, TRANSPORTE E DESTINAÇÃO FINAL DOS RESÍDUOS | F7: M² | G7: =4766160*0.8 -> 3812928 | H7: =' COMPOSICOES'!H13 -> 0.3862 | I7: 0.47 | J7: =G7*I7 -> 1792076.2
B8: 9 | C8: COMP_09 | D8: Grupo 853 | E8: LIMPEZA MECANIZADA VERTICAL DE CAMADA VEGETAL, VEGETAÇÃO E PEQUENAS ÁRVORES, COM TRATOR AGRÍCOLA SOBRE PNEUS COM ROÇADEIRA, INCLUINDO CARREGAMENTO, TRANSPORTE E DESTINAÇÃO FINAL DOS RESÍDUOS | F8: M² | G8: 419120 | H8: =' COMPOSICOES'!H53 -> 0.3981 | I8: 0.49 | J8: =G8*I8 -> 205368.8
B9: 7 | C9: COMP_07 | D9: Grupo 861 | E9: CORTE/SUPRESSÃO E REMOÇÃO DE ÁRVORES COM TRONCOS DE DIVERSOS DIÂMETROS, COM ALTURA DE ATÉ 10 METROS, INCLUINDO CARREGAMENTO, TRANSPORTE E DESTINAÇÃO FINAL DOS RESÍDUOS | F9: UN | G9: 100 | H9: =' COMPOSICOES'!H39 -> 177.0808 | I9: 215.84 | J9: =G9*I9 -> 21584
B10: 8 | C10: COMP_08 | D10: Grupo 861 | E10: PODA EM ALTURA DE ÁRVORES COM TRONCOS DE DIVERSOS DIÂMETROS, COM ALTURA DE ATÉ 10 METROS, INCLUINDO CARREGAMENTO, TRANSPORTE E DESTINAÇÃO FINAL DOS RESÍDUOS | F10: UN | G10: 400 | H10: =' COMPOSICOES'!H46 -> 88.5903 | I10: 107.98 | J10: =G10*I10 -> 43192
B11: 14 | C11: COMP_14 | D11: Grupo 643 | E11: MOBILIZAÇÃO E DESMOBILIZAÇÃO DIÁRIA DAS EQUIPES | F11: DIÁRIA | G11: 252 | H11: =' COMPOSICOES'!H77 -> 380.16 | I11: =' COMPOSICOES'!I77 -> 463.32 | J11: =G11*I11 -> 116756.64
B12: TOTAL DO LOTE: | J12: =J6+J7+J8+J11+J9+J10 -> 2598399.7
B14: LOTE 2
B15: CÓDIGO | C15: REFERÊNCIA | D15: CATSER | E15: DESCRIÇÃO | F15: UN | G15: QTD | H15: CUSTO UNITÁRIO | I15: CUSTO BDI UNITÁRIO | J15: CUSTO TOTAL
B16: 3 | C16: COMP_03 | D16: Grupo 853 | E16: SERVIÇO DE CAPINA MANUAL E RASPAGEM EM PAVIMENTO DE PAVER, LAJOTA, PARALELEPÍPEDO, OU EM CALÇADAS, INCLUINDO CARREGAMENTO, TRANSPORTE E DESTINAÇÃO FINAL DOS RESÍDUOS | F16: M² | G16: 104580 | H16: =' COMPOSICOES'!H19 -> 2.4021 | I16: 2.92 | J16: =G16*I16 -> 305373.6
B17: 4 | C17: COMP_04 | D17: Grupo 542 | E17: LIMPEZA DE CANALETAS, MEIA CANA, SARJETA, MEIO FIO E VALAS DE DRENAGEM, INCLUINDO CARREGAMENTO, TRANSPORTE E DESTINAÇÃO FINAL DOS RESÍDUOS | F17: M | G17: 192300 | H17: =' COMPOSICOES'!H26 -> 1.1814 | I17: 1.43 | J17: =G17*I17 -> 274989
B18: 5 | C18: COMP_05 | D18: Grupo 542 | E18: LIMPEZA E DESOBSTRUÇÃO DE CAIXAS COLETORAS E BUEIROS, INCLUINDO CARREGAMENTO, TRANSPORTE E DESTINAÇÃO FINAL DOS RESÍDUOS | F18: UN | G18: 500 | H18: =' COMPOSICOES'!H31 -> 437.173 | I18: 532.83 | J18: =G18*I18 -> 266415
B19: 6 | C19: COMP_06 | D19: Grupo 547 | E19: PINTURA DE MEIO-FIO COM TINTA BRANCA A BASE DE CAL | F19: M | G19: 54800 | H19: =' COMPOSICOES'!H36 -> 2.3867 | I19: 2.9 | J19: =G19*I19 -> 158920
B20: 14 | C20: COMP_14 | D20: Grupo 643 | E20: MOBILIZAÇÃO E DESMOBILIZAÇÃO DIÁRIA DAS EQUIPES | F20: DIÁRIA | G20: 252 | H20: =' COMPOSICOES'!H77 -> 380.16 | I20: =' COMPOSICOES'!I77 -> 463.32 | J20: =G20*I20 -> 116756.64
B21: TOTAL DO LOTE: | J21: =J16+J17+J18+J19+J20 -> 1122454.2
B23: LOTE 3
B24: CÓDIGO | C24: REFERÊNCIA | D24: CATSER | E24: DESCRIÇÃO | F24: UN | G24: QTD | H24: CUSTO UNITÁRIO | I24: CUSTO BDI UNITÁRIO | J24: CUSTO TOTAL
B25: 11 | C25: COMP_11 | D25: Grupo 853 | E25: RETIRADA DE RCC – RESÍDUOS DA CONSTRUÇÃO CIVIL, INCLUINDO CARREGAMENTO, TRANSPORTE E DESTINAÇÃO FINAL DOS RESÍDUOS | F25: M³ | G25: =12*2*50 -> 1200 | H25: =' COMPOSICOES'!H62 -> 22.2058 | I25: 27.05 | J25: =G25*I25 -> 32460
B26: 12 | C26: COMP_12 | D26: Grupo 853 | E26: RETIRADA DE ENTULHOS INSERVÍVEIS E DE DESCARTE IRREGULAR DIVERSOS, INCLUINDO CARREGAMENTO, TRANSPORTE E DESTINAÇÃO FINAL DOS RESÍDUOS | F26: M³ | G26: =12*1*50 -> 600 | H26: =' COMPOSICOES'!H67 -> 60.2658 | I26: 73.45 | J26: =G26*I26 -> 44070
B27: 13 | C27: COMP_13 | D27: Grupo 853 | E27: RETIRADA DE GALHADAS AVULSAS, RESTOS DE ROÇADA E RESÍDUOS VEGETAIS, INCLUINDO CARREGAMENTO, TRANSPORTE E DESTINAÇÃO FINAL DOS RESÍDUOS | F27: M³ | G27: =12*2*50 -> 1200 | H27: =' COMPOSICOES'!H72 -> 20.9558 | I27: 25.53 | J27: =G27*I27 -> 30636
B28: 14 | C28: COMP_14 | D28: Grupo 643 | E28: MOBILIZAÇÃO E DESMOBILIZAÇÃO DIÁRIA DAS EQUIPES | F28: DIÁRIA | G28: 252 | H28: =' COMPOSICOES'!H77 -> 380.16 | I28: 463.32 | J28: =G28*I28 -> 116756.64
B29: TOTAL DO LOTE: | J29: =J25+J26+J27+J28 -> 223922.64

Sheet  COMPOSICOES
B2: COMPOSIÇÕES | H2: REFERÊNCIAS | J2: BDI
H3: BANCOS: SINAPI-PR - 03/2026 ORSE - 03/2026 SICRO3-PR - 01/2026 SCO-RIO - 04/2026 CPOS - 04/2026 SIURB - 01/2026 | J3: ='BDI '!D20 -> 0.21893049
B5: ITEM | C5: CÓDIGO | D5: BANCO | E5: DESCRIÇÃO/ESPECIFICAÇÃO | F5: UNIDADE | G5: QUANTIDADE UNITÁRIA | H5: PREÇO DE REFERÊNCIA MÁXIMO
H6: UNITÁRIO | I6: UNITÁRIO COM BDI | J6: TOTAL
B7: 1 | C7: COMP_01 | E7: ROÇADA MECANIZADA C/ TRATOR E IMPLEMENTO PARA ROÇADEIRA ARTICULADA, INCLUINDO CARREGAMENTO, TRANSPORTE E DESTINAÇÃO FINAL DOS RESÍDUOS | F7: M² | G7: 1 | H7: =TRUNC(SUMPRODUCT(G8:G12,H8:H12),4) -> 0.3704 | I7: =TRUNC(SUMPRODUCT(G8:G12,I8:I12),4) -> 0.4444 | J7: =J8+J9+J10+J11+J12+0.01 -> 0.4534
B8: 1.1 | C8: 4915775 | D8: SICRO3 | E8: ROÇADA MECANIZADA COM ROÇADEIRA ARTICULADA | F8: M² | G8: 1 | H8: 0.096011 | I8: =TRUNC(H8*(1+$J$3),2) -> 0.11 | J8: =TRUNC(G8*I8,4) -> 0.11
B9: 1.2 | C9: E9156 | D9: SICRO3 | E9: SOPRADOR DE AR COSTAL - 2,6 KW | F9: H | G9: =1/1001.88*2*3 -> 0.0059887412 | H9: 5.61 | I9: =TRUNC(H9*(1+$J$3),2) -> 6.83 | J9: =TRUNC(G9*I9,2) -> 0.04
B10: 1.3 | C10: 4919547 | D10: SICRO3 | E10: TELA DE PROTEÇÃO PARA ROÇADA EM TUBO GALVANIZADO 4,0 X 1,5 M - CONFECÇÃO | F10: M | G10: =1/1001.88*0.01111*2 -> 2.2178305e-05 | H10: 488.69 | I10: =TRUNC(H10*(1+$J$3),2) -> 595.67 | J10: =TRUNC(G10*I10,4) -> 0.0132
B11: 1.4 | C11: 10 | D11: COMP_10 | E11: CARREGAMENTO, TRANSPORTE E DESTINAÇÃO FINAL DOS RESÍDUOS | F11: M³ | G11: 0.01 | H11: 20.93 | I11: =TRUNC(H11*(1+$J$3),2) -> 25.51 | J11: =TRUNC(G11*I11,4) -> 0.2551
B12: 1.5 | C12: 90776 | D12: SINAPI | E12: ENCARREGADO GERAL COM ENCARGOS COMPLEMENTARES | F12: H | G12: 0.0004 | H12: 51.68 | I12: =TRUNC(H12*(1+$J$3),2) -> 62.99 | J12: =TRUNC(G12*I12,4) -> 0.0251
B13: 2 | C13: COMP_02 | E13: ROÇADA MANUAL C/ ROÇADEIRAS MECÂNICAS TIPO "COSTAL", INCLUINDO CARREGAMENTO, TRANSPORTE E DESTINAÇÃO FINAL DOS RESÍDUOS | F13: M² | G13: 1 | H13: =TRUNC(SUMPRODUCT(G14:G18,H14:H18),4) -> 0.3862 | I13: =TRUNC(SUMPRODUCT(G14:G18,I14:I18),4) -> 0.4707 | J13: =J14+J15+J16+J17+J18+0.01 -> 0.4797
B14: 2.1 | C14: 4915776 | D14: SICRO3 | E14: ROÇADA COM ROÇADEIRA COSTAL | F14: ha | G14: =1/10000 -> 0.0001 | H14: 1015.49 | I14: =TRUNC(H14*(1+$J$3),2) -> 1237.81 | J14: =TRUNC(G14*I14,4) -> 0.1237
B15: 2.3 | C15: E9156 | D15: SICRO3 | E15: SOPRADOR DE AR COSTAL - 2,6 KW | F15: H | G15: =1/1001.88*2*3 -> 0.0059887412 | H15: 5.61 | I15: =TRUNC(H15*(1+$J$3),2) -> 6.83 | J15: =TRUNC(G15*I15,2) -> 0.04
B16: 2.4 | C16: 4919547 | D16: SICRO3 | E16: TELA DE PROTEÇÃO PARA ROÇADA EM TUBO GALVANIZADO 4,0 X 1,5 M - CONFECÇÃO | F16: M | G16: =1/1001.88*0.01111*2 -> 2.2178305e-05 | H16: 488.69 | I16: =TRUNC(H16*(1+$J$3),2) -> 595.67 | J16: =TRUNC(G16*I16,4) -> 0.0132
B17: 2.5 | C17: 10 | D17: COMP_10 | E17: CARREGAMENTO, TRANSPORTE E DESTINAÇÃO FINAL DOS RESÍDUOS | F17: M³ | G17: 0.01 | H17: 20.93 | I17: =TRUNC(H17*(1+$J$3),2) -> 25.51 | J17: =TRUNC(G17*I17,4) -> 0.2551
B18: 2.6 | C18: 90776 | D18: SINAPI | E18: ENCARREGADO GERAL COM ENCARGOS COMPLEMENTARES | F18: H | G18: 0.0006 | H18: 51.68 | I18: =TRUNC(H18*(1+$J$3),2) -> 62.99 | J18: =TRUNC(G18*I18,4) -> 0.0377
B19: 3 | C19: COMP_03 | E19: SERVIÇO DE CAPINA MANUAL E RASPAGEM EM PAVIMENTO DE PAVER, LAJOTA, PARALELEPÍPEDO, OU EM CALÇADAS, INCLUINDO CARREGAMENTO, TRANSPORTE E DESTINAÇÃO FINAL DOS RESÍDUOS | F19: M² | G19: 1 | H19: =TRUNC(SUMPRODUCT(G20:G25,H20:H25),4) -> 2.4021 | I19: =TRUNC(SUMPRODUCT(G20:G25,I20:I25),4) -> 2.9201 | J19: =J20+J21+J22+J23+J24+J25+0.02 -> 2.9255
B20: 3.1 | C20: 4915744 | D20: SICRO3 | E20: CAPINA MANUAL | F20: M² | G20: 1 | H20: 1.04 | I20: =TRUNC(H20*(1+$J$3),2) -> 1.26 | J20: =TRUNC(G20*I20,2) -> 1.26
B21: 3.2 | C21: 88316 | D21: SINAPI | E21: SERVENTE COM ENCARGOS COMPLEMENTARES COM ENCARGOS COMPLEMENTARES | F21: H | G21: =1/1001.88*2*3 -> 0.0059887412 | H21: 31.41 | I21: =TRUNC(H21*(1+$J$3),2) -> 38.28 | J21: =TRUNC(G21*I21,2) -> 0.22
B22: 3.3 | C22: E9156 | D22: SICRO3 | E22: SOPRADOR DE AR COSTAL - 2,6 KW | F22: H | G22: =1/1001.88*2*3 -> 0.0059887412 | H22: 5.61 | I22: =TRUNC(H22*(1+$J$3),2) -> 6.83 | J22: =TRUNC(G22*I22,2) -> 0.04
B23: 3.4 | C23: 80032 | D23: SIURB | E23: DISPOSIÇÃO FINAL DE SOLOS E RESÍDUOS, CLASSE II A - NÃO INERTES, EM ATERRO SANITÁRIO LICENCIADO | F23: T | G23: 0.001 | H23: 183.49 | I23: =TRUNC(H23*(1+$J$3),2) -> 223.66 | J23: =TRUNC(G23*I23,4) -> 0.2236
B24: 3.5 | C24: E9262 | D24: SICRO3 | E24: ESCOVA ROTATIVA COM CERDAS DE AÇO PARA TRATAMENTO DE SUPERFÍCIE - 0,91 KW | F24: H | G24: 0.02 | H24: 37.51 | I24: =TRUNC(H24*(1+$J$3),2) -> 45.72 | J24: =TRUNC(G24*I24,2) -> 0.91
B25: 3.6 | C25: 90776 | D25: SINAPI | E25: ENCARREGADO GERAL COM ENCARGOS COMPLEMENTARES | F25: H | G25: 0.004 | H25: 51.68 | I25: =TRUNC(H25*(1+$J$3),2) -> 62.99 | J25: =TRUNC(G25*I25,4) -> 0.2519
B26: 4 | C26: COMP_04 | E26: LIMPEZA DE CANALETAS, MEIA CANA, SARJETA, MEIO FIO E VALAS DE DRENAGEM, INCLUINDO CARREGAMENTO, TRANSPORTE E DESTINAÇÃO FINAL DOS RESÍDUOS | F26: M | G26: 1 | H26: =TRUNC(SUMPRODUCT(G27:G30,H27:H30),4) -> 1.1814 | I26: =TRUNC(SUMPRODUCT(G27:G30,I27:I30),4) -> 1.4323 | J26: =J27+J28+J29+J30 -> 1.4295
B27: 4.1 | C27: 4915708 | D27: SICRO3 | E27: LIMPEZA DE SARJETA E MEIO-FIO | F27: M | G27: 1 | H27: 1.04 | I27: =TRUNC(H27*(1+$J$3),2) -> 1.26 | J27: =TRUNC(G27*I27,4) -> 1.26
B28: 4.2 | C28: E9156 | D28: SICRO3 | E28: SOPRADOR DE AR COSTAL - 2,6 KW | F28: H | G28: 0.0033333333 | H28: 5.61 | I28: =TRUNC(H28*(1+$J$3),2) -> 6.83 | J28: =TRUNC(G28*I28,2) -> 0.02
B29: 4.3 | C29: 80032 | D29: SIURB | E29: DISPOSIÇÃO FINAL DE SOLOS E RESÍDUOS, CLASSE II A - NÃO INERTES, EM ATERRO SANITÁRIO LICENCIADO | F29: T | G29: 0.0005 | H29: 183.49 | I29: =TRUNC(H29*(1+$J$3),2) -> 223.66 | J29: =TRUNC(G29*I29,4) -> 0.1118
B30: 4.4 | C30: 90776 | D30: SINAPI | E30: ENCARREGADO GERAL COM ENCARGOS COMPLEMENTARES | F30: H | G30: 0.0006 | H30: 51.68 | I30: =TRUNC(H30*(1+$J$3),2) -> 62.99 | J30: =TRUNC(G30*I30,4) -> 0.0377
B31: 5 | C31: COMP_05 | E31: LIMPEZA E DESOBSTRUÇÃO DE CAIXAS COLETORAS E BUEIROS, INCLUINDO CARREGAMENTO, TRANSPORTE E DESTINAÇÃO FINAL DOS RESÍDUOS | F31: UN | G31: 1 | H31: =TRUNC(SUMPRODUCT(G32:G35,H32:H35),4) -> 437.173 | I31: =TRUNC(SUMPRODUCT(G32:G35,I32:I35),4) -> 532.8257 | J31: =J32+J33+J34+J35 -> 532.8257
B32: 5.1 | C32: 4915633 | D32: SICRO3 | E32: LIMPEZA E DESOBSTRUÇÃO MECANIZADA DE BUEIROS COM DIÂMETRO DE ATÉ 1,00 M | F32: M | G32: 3 | H32: 24.46 | I32: =TRUNC(H32*(1+$J$3),2) -> 29.81 | J32: =TRUNC(G32*I32,4) -> 89.43
B33: 5.2 | C33: 5914369 | D33: SICRO3 | E33: TRANSPORTE DE DETRITOS COM CAMINHÃO DE HIDROJATEAMENTO DE ALTA PRESSÃO E VÁCUO DE 9 M³ - RODOVIA PAVIMENTADA | F33: TXKM | G33: 27 | H33: 1.24 | I33: =TRUNC(H33*(1+$J$3),2) -> 1.51 | J33: =TRUNC(G33*I33,4) -> 40.77
B34: 5.3 | C34: 80032 | D34: SIURB | E34: DISPOSIÇÃO FINAL DE SOLOS E RESÍDUOS, CLASSE II A - NÃO INERTES, EM ATERRO SANITÁRIO LICENCIADO | F34: T | G34: 1.8 | H34: 183.49 | I34: =TRUNC(H34*(1+$J$3),2) -> 223.66 | J34: =TRUNC(G34*I34,4) -> 402.588
B35: 5.4 | C35: 90776 | D35: SINAPI | E35: ENCARREGADO GERAL COM ENCARGOS COMPLEMENTARES | F35: H | G35: 0.0006 | H35: 51.68 | I35: =TRUNC(H35*(1+$J$3),2) -> 62.99 | J35: =TRUNC(G35*I35,4) -> 0.0377
B36: 6 | C36: COMP_06 | E36: PINTURA DE MEIO-FIO COM TINTA BRANCA A BASE DE CAL | F36: M | G36: 1 | H36: =TRUNC(SUMPRODUCT(G37:G38,H37:H38),4) -> 2.3867 | I36: =TRUNC(SUMPRODUCT(G37:G38,I37:I38),4) -> 2.9019 | J36: =J37+J38 -> 2.9019
B37: 6.1 | C37: 102498 | D37: SINAPI | E37: PINTURA DE MEIO-FIO COM TINTA BRANCA A BASE DE CAL | F37: M | G37: 1 | H37: 2.18 | I37: =TRUNC(H37*(1+$J$3),2) -> 2.65 | J37: =TRUNC(G37*I37,4) -> 2.65
B38: 6.2 | C38: 90776 | D38: SINAPI | E38: ENCARREGADO GERAL COM ENCARGOS COMPLEMENTARES | F38: H | G38: 0.004 | H38: 51.68 | I38: =TRUNC(H38*(1+$J$3),2) -> 62.99 | J38: =TRUNC(G38*I38,4) -> 0.2519
B39: 7 | C39: COMP_07 | E39: CORTE/SUPRESSÃO E REMOÇÃO DE ÁRVORES COM TRONCOS DE DIVERSOS DIÂMETROS, COM ALTURA DE ATÉ 10 METROS, INCLUINDO CARREGAMENTO, TRANSPORTE E DESTINAÇÃO FINAL DOS RESÍDUOS | F39: UN | G39: 1 | H39: =TRUNC(SUMPRODUCT(G40:G45,H40:H45),4) -> 177.0808 | I39: =TRUNC(SUMPRODUCT(G40:G45,I40:I45),4) -> 215.837 | J39: =SUM(J40:J45) -> 215.837
B40: 7.1 | C40: E9585 | D40: SICRO3 | E40: MOTOSSERRA COM MOTOR A GASOLINA - 2,30 KW | F40: H | G40: 0.75 | H40: 38.7478 | I40: =TRUNC(H40*(1+$J$3),2) -> 47.23 | J40: =TRUNC(G40*I40,4) -> 35.4225
B41: 7.2 | C41: 88441 | D41: SINAPI | E41: JARDINEIRO COM ENCARGOS COMPLEMENTARES | F41: H | G41: 0.75 | H41: 32.67 | I41: =TRUNC(H41*(1+$J$3),2) -> 39.82 | J41: =TRUNC(G41*I41,4) -> 29.865
B42: 7.3 | C42: 88316 | D42: SINAPI | E42: SERVENTE COM ENCARGOS COMPLEMENTARES | F42: H | G42: 0.75 | H42: 31.41 | I42: =TRUNC(H42*(1+$J$3),2) -> 38.28 | J42: =TRUNC(G42*I42,4) -> 28.71
B43: 7.4 | C43: E9690 | D43: SICRO3 | E43: CAMINHÃO GUINDAUTO COM CESTO AÉREO SIMPLES E CAPACIDADE DE ELEVAÇÃO DE 5,7 T E CARROCERIA DE 8,5 T - 136 KW | F43: H | G43: 0.2 | H43: 304.0649 | I43: =TRUNC(H43*(1+$J$3),2) -> 370.63 | J43: =TRUNC(G43*I43,4) -> 74.126
B44: 7.5 | C44: 10 | D44: COMP_10 | E44: CARREGAMENTO, TRANSPORTE E DESTINAÇÃO FINAL DOS RESÍDUOS | F44: M³ | G44: 1.5 | H44: 20.93 | I44: =TRUNC(H44*(1+$J$3),2) -> 25.51 | J44: =TRUNC(G44*I44,4) -> 38.265
B45: 7.6 | C45: 90776 | D45: SINAPI | E45: ENCARREGADO GERAL COM ENCARGOS COMPLEMENTARES | F45: H | G45: 0.15 | H45: 51.68 | I45: =TRUNC(H45*(1+$J$3),2) -> 62.99 | J45: =TRUNC(G45*I45,4) -> 9.4485
B46: 8 | C46: COMP_08 | E46: PODA EM ALTURA DE ÁRVORES COM TRONCOS DE DIVERSOS DIÂMETROS, COM ALTURA DE ATÉ 10 METROS, INCLUINDO CARREGAMENTO, TRANSPORTE E DESTINAÇÃO FINAL DOS RESÍDUOS | F46: UN | G46: 1 | H46: =TRUNC(SUMPRODUCT(G47:G52,H47:H52),4) -> 88.5903 | I46: =TRUNC(SUMPRODUCT(G47:G52,I47:I52),4) -> 107.9795 | J46: =SUM(J47:J52) -> 107.9795
B47: 8.1 | C47: E9585 | D47: SICRO3 | E47: MOTOSSERRA COM MOTOR A GASOLINA - 2,30 KW | F47: H | G47: 0.5 | H47: 38.7478 | I47: =TRUNC(H47*(1+$J$3),2) -> 47.23 | J47: =TRUNC(G47*I47,4) -> 23.615
B48: 8.2 | C48: 88441 | D48: SINAPI | E48: JARDINEIRO COM ENCARGOS COMPLEMENTARES | F48: H | G48: 0.5 | H48: 32.67 | I48: =TRUNC(H48*(1+$J$3),2) -> 39.82 | J48: =TRUNC(G48*I48,4) -> 19.91
B49: 8.3 | C49: 88316 | D49: SINAPI | E49: SERVENTE COM ENCARGOS COMPLEMENTARES | F49: H | G49: 0.5 | H49: 31.41 | I49: =TRUNC(H49*(1+$J$3),2) -> 38.28 | J49: =TRUNC(G49*I49,4) -> 19.14
B50: 8.4 | C50: E9690 | D50: SICRO3 | E50: CAMINHÃO GUINDAUTO COM CESTO AÉREO SIMPLES E CAPACIDADE DE ELEVAÇÃO DE 5,7 T E CARROCERIA DE 8,5 T - 136 KW | F50: H | G50: 0.1 | H50: 304.0649 | I50: =TRUNC(H50*(1+$J$3),2) -> 370.63 | J50: =TRUNC(G50*I50,4) -> 37.063
B51: 8.5 | C51: 10 | D51: COMP_10 | E51: CARREGAMENTO, TRANSPORTE E DESTINAÇÃO FINAL DOS RESÍDUOS | F51: M³ | G51: 0.2 | H51: 20.93 | I51: =TRUNC(H51*(1+$J$3),2) -> 25.51 | J51: =TRUNC(G51*I51,4) -> 5.102
B52: 8.6 | C52: 90776 | D52: SINAPI | E52: ENCARREGADO GERAL COM ENCARGOS COMPLEMENTARES | F52: H | G52: 0.05 | H52: 51.68 | I52: =TRUNC(H52*(1+$J$3),2) -> 62.99 | J52: =TRUNC(G52*I52,4) -> 3.1495
B53: 9 | C53: COMP_09 | E53: LIMPEZA MECANIZADA VERTICAL DE CAMADA VEGETAL, VEGETAÇÃO E PEQUENAS ÁRVORES, COM TRATOR AGRÍCOLA SOBRE PNEUS COM ROÇADEIRA, INCLUINDO CARREGAMENTO, TRANSPORTE E DESTINAÇÃO FINAL DOS RESÍDUOS | F53: M² | G53: 1 | H53: =TRUNC(SUMPRODUCT(G54:G57,H54:H57),4) -> 0.3981 | I53: =TRUNC(SUMPRODUCT(G54:G57,I54:I57),4) -> 0.4852 | J53: =SUM(J54:J57) -> 0.485
B54: 9.1 | C54: E9745 | D54: SICRO3 | E54: TRATOR AGRÍCOLA SOBRE PNEUS COM ROÇADEIRA DE ARRASTE E CAPACIDADE DE 1,50 M - 77 KW | F54: H | G54: 0.0001 | H54: 185.11 | I54: =TRUNC(H54*(1+$J$3),2) -> 225.63 | J54: =TRUNC(G54*I54,4) -> 0.0225
B55: 9.2 | C55: 88316 | D55: SINAPI | E55: SERVENTE COM ENCARGOS COMPLEMENTARES | F55: H | G55: 0.0046 | H55: 31.41 | I55: =TRUNC(H55*(1+$J$3),2) -> 38.28 | J55: =TRUNC(G55*I55,4) -> 0.176
B56: 9.3 | C56: 10 | D56: COMP_10 | E56: CARREGAMENTO, TRANSPORTE E DESTINAÇÃO FINAL DOS RESÍDUOS | F56: M³ | G56: 0.01 | H56: 20.93 | I56: =TRUNC(H56*(1+$J$3),2) -> 25.51 | J56: =TRUNC(G56*I56,4) -> 0.2551
B57: 9.4 | C57: 90776 | D57: SINAPI | E57: ENCARREGADO GERAL COM ENCARGOS COMPLEMENTARES | F57: H | G57: 0.0005 | H57: 51.68 | I57: =TRUNC(H57*(1+$J$3),2) -> 62.99 | J57: =TRUNC(G57*I57,4) -> 0.0314
B58: 10 | C58: COMP_10 | E58: CARREGAMENTO, TRANSPORTE E DESTINAÇÃO FINAL DOS RESÍDUOS | F58: M³ | G58: 1 | H58: =TRUNC(SUMPRODUCT(G59:G61,H59:H61),4) -> 20.93 | I58: =TRUNC(SUMPRODUCT(G59:G61,I59:I61),4)+0.01 -> 25.51 | J58: =J59+J60+J61+0.01 -> 25.51
B59: 10.1 | C59: 97915 | D59: SINAPI | E59: CARGA, MANOBRA E DESCARGA DE ENTULHO EM CAMINHÃO BASCULANTE 6 M³ - CARGA COM ESCAVADEIRA HIDRÁULICA (CAÇAMBA DE 0,80 M³ / 111 HP) E DESCARGA LIVRE (UNIDADE: M3) | F59: M³ | G59: 1 | H59: 10.8 | I59: =TRUNC(H59*(1+$J$3),2) -> 13.16 | J59: =TRUNC(G59*I59,4) -> 13.16
B60: 10.2 | C60: 97919 | D60: SINAPI | E60: TRANSPORTE COM CAMINHÃO BASCULANTE DE 6 M³, EM VIA URBANA PAVIMENTADA, ADICIONAL PARA DMT EXCEDENTE A 30 KM (UNIDADE: M3XKM) | F60: M³ | G60: 1 | H60: 1.38 | I60: =TRUNC(H60*(1+$J$3),2) -> 1.68 | J60: =TRUNC(G60*I60,4) -> 1.68
B61: 10.3 | C61: TC 10.05.0701 | D61: SCO-RIO | E61: SERVICO DE DISPOSICAO FINAL DE MATERIAL INERTE, PROVENIENTE DE ESCAVACAO EM GERAL, EM LOCAL ADEQUADO E LICENCIADO POR ORGAO AMBIENTAL COMPETENTE, CONFORME LEGISLACAO VIGENTE. | F61: T | G61: 1 | H61: 8.75 | I61: =TRUNC(H61*(1+$J$3),2) -> 10.66 | J61: =TRUNC(G61*I61,4) -> 10.66
B62: 11 | C62: COMP_11 | E62: RETIRADA DE RCC – RESÍDUOS DA CONSTRUÇÃO CIVIL, INCLUINDO CARREGAMENTO, TRANSPORTE E DESTINAÇÃO FINAL DOS RESÍDUOS | F62: M³ | G62: 1 | H62: =TRUNC(SUMPRODUCT(G63:G66,H63:H66),4) -> 22.2058 | I62: =TRUNC(SUMPRODUCT(G63:G66,I63:I66),4) -> 27.0514 | J62: =J63+J64+J65+J66 -> 27.0514
B63: 11.1 | C63: TC 10.05.0702 (A) | D63: SCO-RIO | E63: SERVICO DE DESTINACAO FINAL DE RESIDUOS DE CONSTRUCAO CIVIL (RCC - CLASSES A, B OU C) EM LOCAL ADEQUADO E LICENCIADO POR ORGAO AMBIENTAL COMPETENTE, CONFORME LEGISLACAO VIGENTE. | F63: T | G63: 1 | H63: 10 | I63: =TRUNC(H63*(1+$J$3),2) -> 12.18 | J63: =TRUNC(G63*I63,4) -> 12.18
B64: 11.2 | C64: 97919 | D64: SINAPI | E64: CARGA, MANOBRA E DESCARGA DE ENTULHO EM CAMINHÃO BASCULANTE 6 M³ - CARGA COM ESCAVADEIRA HIDRÁULICA (CAÇAMBA DE 0,80 M³ / 111 HP) E DESCARGA LIVRE (UNIDADE: M3) | F64: M³ | G64: 1 | H64: 10.8 | I64: =TRUNC(H64*(1+$J$3),2) -> 13.16 | J64: =TRUNC(G64*I64,4) -> 13.16
B65: 11.3 | C65: 97915 | D65: SINAPI | E65: TRANSPORTE COM CAMINHÃO BASCULANTE DE 6 M³, EM VIA URBANA PAVIMENTADA, ADICIONAL PARA DMT EXCEDENTE A 30 KM (UNIDADE: M3XKM) | F65: M³ | G65: 1 | H65: 1.38 | I65: =TRUNC(H65*(1+$J$3),2) -> 1.68 | J65: =TRUNC(G65*I65,4) -> 1.68
B66: 11.4 | C66: 90776 | D66: SINAPI | E66: ENCARREGADO GERAL COM ENCARGOS COMPLEMENTARES | F66: H | G66: 0.0005 | H66: 51.68 | I66: =TRUNC(H66*(1+$J$3),2) -> 62.99 | J66: =TRUNC(G66*I66,4) -> 0.0314
B67: 12 | C67: COMP_12 | E67: RETIRADA DE ENTULHOS INSERVÍVEIS E DE DESCARTE IRREGULAR DIVERSOS, INCLUINDO CARREGAMENTO, TRANSPORTE E DESTINAÇÃO FINAL DOS RESÍDUOS | F67: M³ | G67: 1 | H67: =TRUNC(SUMPRODUCT(G68:G71,H68:H71),4) -> 60.2658 | I67: =TRUNC(SUMPRODUCT(G68:G71,I68:I71),4) -> 73.4514 | J67: =J68+J69+J70+J71 -> 73.4514
B68: 12.1 | C68: A.05.000.020299 | D68: CPOS | E68: TAXA DE DESTINAÇÃO DE RESÍDUO SÓLIDO EM ATERRO, TIPO INERTE | F68: T | G68: 1 | H68: 48.06 | I68: =TRUNC(H68*(1+$J$3),2) -> 58.58 | J68: =TRUNC(G68*I68,4) -> 58.58
B69: 12.2 | C69: 97919 | D69: SINAPI | E69: CARGA, MANOBRA E DESCARGA DE ENTULHO EM CAMINHÃO BASCULANTE 6 M³ - CARGA COM ESCAVADEIRA HIDRÁULICA (CAÇAMBA DE 0,80 M³ / 111 HP) E DESCARGA LIVRE (UNIDADE: M3) | F69: M³ | G69: 1 | H69: 10.8 | I69: =TRUNC(H69*(1+$J$3),2) -> 13.16 | J69: =TRUNC(G69*I69,4) -> 13.16
B70: 12.3 | C70: 97915 | D70: SINAPI | E70: TRANSPORTE COM CAMINHÃO BASCULANTE DE 6 M³, EM VIA URBANA PAVIMENTADA, ADICIONAL PARA DMT EXCEDENTE A 30 KM (UNIDADE: M3XKM) | F70: M³ | G70: 1 | H70: 1.38 | I70: =TRUNC(H70*(1+$J$3),2) -> 1.68 | J70: =TRUNC(G70*I70,4) -> 1.68
B71: 12.4 | C71: 90776 | D71: SINAPI | E71: ENCARREGADO GERAL COM ENCARGOS COMPLEMENTARES | F71: H | G71: 0.0005 | H71: 51.68 | I71: =TRUNC(H71*(1+$J$3),2) -> 62.99 | J71: =TRUNC(G71*I71,4) -> 0.0314
B72: 13 | C72: COMP_13 | E72: RETIRADA DE GALHADAS AVULSAS, RESTOS DE ROÇADA E RESÍDUOS VEGETAIS, INCLUINDO CARREGAMENTO, TRANSPORTE E DESTINAÇÃO FINAL DOS RESÍDUOS | F72: M³ | G72: 1 | H72: =TRUNC(SUMPRODUCT(G73:G76,H73:H76),4) -> 20.9558 | I72: =TRUNC(SUMPRODUCT(G73:G76,I73:I76),4) -> 25.5314 | J72: =J73+J74+J75++J76 -> 25.5314
B73: 13.1 | C73: TC 10.05.0701 | D73: SCO-RIO | E73: SERVICO DE DISPOSICAO FINAL DE MATERIAL INERTE, PROVENIENTE DE ESCAVACAO EM GERAL, EM LOCAL ADEQUADO E LICENCIADO POR ORGAO AMBIENTAL COMPETENTE, CONFORME LEGISLACAO VIGENTE. | F73: T | G73: 1 | H73: 8.75 | I73: =TRUNC(H73*(1+$J$3),2) -> 10.66 | J73: =TRUNC(G73*I73,4) -> 10.66
B74: 13.2 | C74: 97919 | D74: SINAPI | E74: CARGA, MANOBRA E DESCARGA DE ENTULHO EM CAMINHÃO BASCULANTE 6 M³ - CARGA COM ESCAVADEIRA HIDRÁULICA (CAÇAMBA DE 0,80 M³ / 111 HP) E DESCARGA LIVRE (UNIDADE: M3) | F74: M³ | G74: 1 | H74: 10.8 | I74: =TRUNC(H74*(1+$J$3),2) -> 13.16 | J74: =TRUNC(G74*I74,4) -> 13.16
B75: 13.3 | C75: 97915 | D75: SINAPI | E75: TRANSPORTE COM CAMINHÃO BASCULANTE DE 6 M³, EM VIA URBANA PAVIMENTADA, ADICIONAL PARA DMT EXCEDENTE A 30 KM (UNIDADE: M3XKM) | F75: M³ | G75: 1 | H75: 1.38 | I75: =TRUNC(H75*(1+$J$3),2) -> 1.68 | J75: =TRUNC(G75*I75,4) -> 1.68
B76: 13.4 | C76: 90776 | D76: SINAPI | E76: ENCARREGADO GERAL COM ENCARGOS COMPLEMENTARES | F76: H | G76: 0.0005 | H76: 51.68 | I76: =TRUNC(H76*(1+$J$3),2) -> 62.99 | J76: =TRUNC(G76*I76,4) -> 0.0314
B77: 14 | C77: COMP_14 | E77: MOBILIZAÇÃO E DESMOBILIZAÇÃO DIÁRIA DAS EQUIPES | F77: DIÁRIA | G77: 1 | H77: =TRUNC(SUMPRODUCT(G78:G79,H78:H79),4) -> 380.16 | I77: =TRUNC(SUMPRODUCT(G78:G79,I78:I79),4) -> 463.32 | J77: =SUM(J78:J79) -> 463.32
B78: 14.1 | C78: E9093 | D78: SICRO3 | E78: VEÍCULO LEVE - 53 KW (SEM MOTORISTA) CONSIDERANDO 01 VEÍCULOS PARA DESLOCAMENTO 6 HORAS DIÁRIAS A CAMPO | F78: H | G78: 6 | H78: 36.58 | I78: =TRUNC(H78*(1+$J$3),2) -> 44.58 | J78: =TRUNC(G78*I78,4) -> 267.48
B79: 14.2 | C79: SIURB | D79: 2233 | E79: MOTORISTA DE VEÍCULO LEVE - KOMBI, PICK-UP OU SIMILAR (SGSP) | F79: H | G79: 6 | H79: 26.78 | I79: =TRUNC(H79*(1+$J$3),2) -> 32.64 | J79: =TRUNC(G79*I79,4) -> 195.84

Sheet BDI 
B2: BDI
B3: OBRA: | C3: SERVIÇO DE LIMPEZA URBANA | E3: DATA BASE: | F3: 46143
B4: LOCALIZAÇÃO: | C4: BALSA NOVA - PR | E4: BDI: | F4: =D20 -> 0.21893049
B8: CÁLCULO BENEFÍCIOS E DESEPESAS INDIRETAS (BDI)
B9: ITEM | C9: DESCRIÇÃO | D9: 1 QUARTIL | E9: MÉDIO | F9: 3 QUARTIL | G9: VALOR ADOTADO
B10: 1 | C10: Taxa de Administração Central (AC) | D10: 0.0297 | E10: 0.0508 | F10: 0.0627 | G10: 0.0297
B11: 2 | C11: Taxa de Seguro, Risco e Garantia (S + R+ G) | D11: 0.0086 | E11: 0.0133 | F11: 0.0171 | G11: 0.0086
B12: 4 | C12: Taxa de Despesas Financeiras (DF) | D12: 0.0059 | E12: 0.0123 | F12: 0.0139 | G12: 0.0059
B13: 5 | C13: Taxa de Lucro/Remuneração (L) | D13: 0.0778 | E13: 0.1085 | F13: 0.1355 | G13: 0.0778
B14: 6 | C14: Taxa de Tributos (I) | D14: 0.0765 | E14: 0.0765 | F14: 0.0765 | G14: 0.0765
B15: 6.1 | C15: PIS | D15: 0.0065 | E15: 0.0065 | F15: 0.0065 | G15: 0.0065
B16: 6.2 | C16: COFINS | D16: 0.03 | E16: 0.03 | F16: 0.03 | G16: 0.03
B17: 6.3 | C17: ISS | D17: 0.04 | E17: 0.04 | F17: 0.04 | G17: 0.04
C20: BDI ADOTADO: | D20: =((1+G10+G11)*(1+G12)*(1+G13))/((1-G14))-1 -> 0.21893049
